 Dungeon Crawl Stone Soup version 0.30-a0-373-gd37427bb62 (webtiles) character file.

Game seed: 2278974484761082651

1517 pokeman the Thaumaturge (level 8, 0/46 HPs)
             Began as a Deep Elf Hedge Wizard on Nov 23, 2022.
             Was a Follower of Vehumet.
             Slain by a bullfrog (4 damage)
             ... on level 7 of the Dungeon.
             The game lasted 00:14:15 (5467 turns).

pokeman the Thaumaturge (Deep Elf Hedge Wizard)     Turns: 5467, Time: 00:14:16

Health: 0/46       AC:  5    Str:  7    XL:     8   Next: 54%
Magic:  30/33      EV: 13    Int: 22    God:    Vehumet [*.....]
Gold:   317        SH:  0    Dex: 14    Spells: 16/28 levels left

rFire   + . .      SeeInvis .    w - +0 dagger (venom)
rCold   . . .      Faith    .    (no shield)
rNeg    . . .      Spirit   .    p - +2 robe "Ihineyco" {rCorr}
rPois   .          Reflect  .    o - +0 helmet
rElec   .          Harm     .    (no cloak)
rCorr   +          Rampage  .    (no gloves)
Will    .....                    (no boots)
Stlth   ++........               e - amulet of magic regeneration
HPRegen 0.27/turn                c - ring of protection from fire
MPRegen 0.63/turn                x - ring of magical power

@: studying Dodging
A: no striking features
a: Renounce Religion


You were on level 7 of the Dungeon.
You worshipped Vehumet.
Vehumet was aware of your devotion.
You visited 2 branches of the dungeon, and saw 8 of its levels.
You also visited: Sewer.

You collected 438 gold pieces.
You spent 121 gold pieces at shops.

Inventory:

Hand Weapons
 w - a +0 dagger of venom (weapon)
Missiles
 b - 2 curare-tipped darts
Armour
 o - a +0 helmet (worn)
 p - the +2 robe "Ihineyco" (worn) {rCorr}
   (You found it on level 2 of the Dungeon)

   rCorr:     It protects you from acid and corrosion.
 C - +0 swamp dragon scales
Jewellery
 c - a ring of protection from fire (left hand)
 e - an amulet of magic regeneration (around neck)
 k - a ring of willpower
 t - an amulet of the acrobat
 x - a ring of magical power (right hand)
 z - a +6 ring of intelligence
Wands
 u - a wand of flame (30)
 y - a wand of light (12)
 A - a wand of charming (12)
Scrolls
 a - 3 scrolls of fog
 f - 6 scrolls of teleportation
 g - 3 scrolls of vulnerability
 h - a scroll of amnesia
 j - 3 scrolls of magic mapping
 n - 11 scrolls of identify
 s - a scroll of blinking {unknown}
 v - 2 scrolls of enchant weapon {unknown}
 D - a scroll of fear {unknown}
 G - 4 scrolls of noise {unknown}
Potions
 d - a potion of magic
 i - 2 potions of haste
 l - 3 potions of curing {unknown}
 m - 3 potions of heal wounds
 q - 2 potions of degeneration {unknown}
 r - 4 potions of resistance {unknown}
 B - 2 potions of flight {unknown}
 E - a potion of cancellation {unknown}
 F - a potion of lignification {unknown}


   Skills:
 - Level 3.0 Fighting
 + Level 2.2 Armour
 - Level 3.0 Dodging
 - Level 3.1 Stealth
 * Level 10.5 Spellcasting
 + Level 5.5 Conjurations
 - Level 1.1 Summonings
 - Level 1.1 Translocations
 - Level 1.0 Air Magic
 - Level 1.0 Poison Magic
 - Level 1.1 Evocations


You had 16 spell levels left.
You knew the following spells:

 Your Spells              Type           Power      Damage    Failure   Level
a - Magic Dart            Conj           100%       1d8       1%          1
b - Mephitic Cloud        Conj/Pois/Air  22%        N/A       6%          3
c - Call Imp              Summ           16%        N/A       5%          2
d - Blink                 Tloc           32%        N/A       5%          2
e - Shock                 Conj/Air       100%       1d9       1%          1
f - Swiftness             Air            15%        N/A       12%         3

Your spell library contained the following spells:

 Spells                   Type           Power      Damage    Failure   Level
 Sandblast                Erth           22%        2d7       6%          1
 Static Discharge         Conj/Air       52%        2-5/arc   2%          2
 Slow                     Hex            44%        N/A       6%          1
 Cigotuvi's Dreadful Rot  Necr/Pois/Air  28%        N/A       7%          2
 Vhi's Electric Charge    Tloc/Air       32%        N/A       11%         3
 Airstrike                Air            7%         2d(2-18)  36%         4
 Arcjolt                  Conj/Air       13%        1d23      38%         5
 Lightning Bolt           Conj/Air       13%        1d26      38%         5
 Petrify                  Tmut/Erth      11%        N/A       50%         4
 Metabolic Englaciation   Hex/Ice        5%         N/A       85%         5
 Statue Form              Tmut/Erth      7%         N/A       100%        6


Dungeon Overview and Level Annotations

Branches:
Dungeon (7/15)             Temple (1/1) D:4           Sewer (visited)

Altars:
Ashenzari
Cheibriados
Elyvilon
Fedhas
Kikubaaqudgha
Makhleb
Okawaru
Qazlal
Sif Muna
Uskayaw
Vehumet
The Shining One
Lugonu

Shops:
D:4 (   D:6 *[?:

Annotations:
D:7 Joseph, Maggie


Message History

The bullfrog hits you but does no damage.
The hound misses you.
The scorpion is engulfed in noxious fumes.
The scorpion appears confused.
The scorpion barely misses the bullfrog.
Joseph grins madly.
The bullfrog barely misses you.
You hit Joseph but do no damage.
Joseph is heavily wounded.
The scorpion is engulfed in noxious fumes.
The scorpion appears confused.
The bullfrog hits you.
* * * LOW HITPOINT WARNING * * *
Joseph barely misses you.
Unknown command.
Maggie the Vainglorious comes into view.
She is wielding a +0 war axe.
Maggie shouts!
The hound bites Joseph.
The bullfrog completely misses you.
Joseph hits the hound with a +0 quarterstaff.
The bullfrog hits you.
* * * LOW HITPOINT WARNING * * *
The hound bites Joseph but does no damage.
Joseph hits the hound with a +0 quarterstaff!
The hound is killed!
Vehumet accepts your kill. The bullfrog attacks as you move away!
The bullfrog completely misses you. The bullfrog hits you.
* * * LOW HITPOINT WARNING * * *
Casting: Mephitic Cloud (dangerous; 6% risk of failure)
Confirm with . or Enter, or press ? or * to list all spells.
Aiming: Mephitic Cloud (dangerous; 6% risk of failure)
Press: ? - help, Shift-Dir - straight line, p - scorpion The ball explodes into a vile cloud!
The stinking cloud engulfs the bullfrog but does no damage.
The bullfrog is moderately wounded.
Your crimson imp disappears in a puff of smoke!
The scorpion stings Joseph.
The bullfrog is engulfed in noxious fumes.
The bullfrog barely misses you. The bullfrog attacks as you move away!
The bullfrog hits you.
You die...

#........#
#........###..#
###.....§........
#...............#
#......§.........
.....#............
.....#.........###
.........@s......##
###.#...†<.○F@...#
#......##@☼...#.#
..........○○....!#
...!..##..........<..
...##...#......##.....
.. ...##....### .....
. . .....## ##..
#.....# #. #.....


You could see Joseph (confused, very poisoned), Maggie, a bullfrog (poisoned)
and a scorpion (confused).

Vanquished Creatures
  A water moccasin (Sewer)
  An ice beast (D:5)
  2 centaurs (D:5)
  An ogre (D:5)
  A phantom (D:5)
  Blork the orc (D:5)
  3 scorpions
  3 jellies
  2 hounds
  3 orc priests
  Ijyb (D:4)
  Jessica (D:2)
  Natasha (thrice) (D:3)
  3 iguanas
  3 orc wizards (D:5)
  9 adders
  A gnoll (D:1)
  2 white imps (D:6)
  An ufetubus (D:5)
  A worm (D:5)
  A dart slug (D:4)
  19 orcs
  6 endoplasms
  7 giant cockroaches
  10 goblins
  3 hobgoblins
  9 jackals
  5 quokkas
  8 ball pythons
  12 bats
  5 frilled lizards
  13 kobolds
  4 rats
145 creatures vanquished.

Vanquished Creatures (collateral kills)
  A worm (D:2)
1 creature vanquished.

Grand Total: 146 creatures vanquished

Notes
Turn   | Place    | Note
-------+----------+-------------------------------------------
     0 | D:1      | pokeman the Deep Elf Hedge Wizard began the quest for the
                  | Orb.
     0 | D:1      | Reached XP level 1. HP: 10/10 MP: 7/7
   223 | D:1      | Reached XP level 2. HP: 16/16 MP: 6/9
   326 | D:1      | Reached skill level 5 in Spellcasting
   544 | D:1      | Reached XP level 3. HP: 18/20 MP: 8/11
   548 | D:1      | Learned a level 3 spell: Mephitic Cloud
   551 | D:1      | Learned a level 2 spell: Call Imp
   554 | D:1      | Learned a level 2 spell: Blink
   886 | D:2      | Reached skill level 1 in Fighting
   965 | D:2      | Reached skill level 1 in Armour
  1095 | D:2      | Identified the +2 robe "Ihineyco" {rCorr}
  1148 | D:2      | Reached XP level 4. HP: 25/25 MP: 8/13
  1417 | D:3      | Noticed Natasha
  1430 | D:3      | Killed Natasha
  1496 | D:3      | Noticed Jessica
  1514 | D:2      | Killed Jessica
  1515 | D:2      | Reached skill level 6 in Spellcasting
  1515 | D:2      | Reached XP level 5. HP: 26/29 MP: 6/15
  1570 | D:3      | Noticed Natasha
  1582 | D:3      | Killed Natasha
  1684 | D:3      | Noticed Natasha
  1690 | D:3      | Killed Natasha
  1691 | D:3      | Reached skill level 1 in Poison Magic
  1907 | D:3      | You fall into a shaft and drop 2 floors!
  1907 | D:5      | Entered Level 5 of the Dungeon
  2074 | D:4      | Found a glowing drain.
  2090 | Sewer    | Entered a sewer
  2095 | Sewer    | Reached skill level 1 in Air Magic
  2126 | Sewer    | Noticed a water moccasin
  2140 | Sewer    | HP: 1/29 [water moccasin (1)]
  2145 | Sewer    | Killed a water moccasin
  2146 | Sewer    | Reached skill level 7 in Spellcasting
  2146 | Sewer    | Reached skill level 1 in Evocations
  2146 | Sewer    | Reached XP level 6. HP: 8/34 MP: 7/18
  2380 | D:4      | Found a broken altar of Ashenzari.
  2909 | D:4      | Found a staircase to the Ecumenical Temple.
  2941 | D:4      | Found Tumepauv's Antique Weapon Boutique.
  2977 | Temple   | Entered the Ecumenical Temple
  3006 | Temple   | Became a worshipper of Vehumet
  3405 | D:4      | Reached XP level 7. HP: 39/39 MP: 20/20
  3628 | D:4      | Noticed Ijyb
  3649 | D:4      | Killed Ijyb
  4015 | D:5      | Reached skill level 8 in Spellcasting
  4087 | D:5      | Found an ancient bone altar of Kikubaaqudgha.
  4134 | D:5      | Reached * piety under Vehumet
  4134 | D:5      | Offered knowledge of Shock by Vehumet.
  4137 | D:5      | Learned a level 1 spell: Shock
  4204 | D:5      | Found a stormy altar of Qazlal.
  4325 | D:5      | Noticed Blork the orc
  4336 | D:5      | Killed Blork the orc
  4337 | D:5      | Reached skill level 9 in Spellcasting
  4403 | D:5      | Found a white marble altar of Elyvilon.
  4494 | D:5      | Reached XP level 8. HP: 46/46 MP: 23/23
  4628 | D:5      | Reached skill level 5 in Conjurations
  4650 | D:5      | Reached skill level 10 in Spellcasting
  4753 | D:5      | Learned a level 3 spell: Swiftness
  4830 | D:6      | Found Licyverre's Armour Emporium.
  4999 | D:6      | Found Veidehey's Magic Scroll Shoppe.
  5002 | D:6      | Offered knowledge of Sandblast by Vehumet.
  5013 | D:6      | Found Vucoav's Book Shop.
  5034 | D:6      | Bought a scroll of identify for 22 gold pieces
  5034 | D:6      | Bought a scroll of teleportation for 33 gold pieces
  5034 | D:6      | Bought 3 scrolls of identify for 66 gold pieces
  5102 | D:6      | Found Milykulae's General Store.
  5198 | D:6      | Found a glowing golden altar of the Shining One.
  5437 | D:7      | Noticed Joseph
  5463 | D:7      | Noticed Maggie
  5467 | D:7      | Slain by a bullfrog

Illustrated notes

Levels and vault maps discovered:
D:1:      minmay_arrival_four_houses, layout_basic
D:2:      layout_basic, minmay_tetromino_i2
D:3:      layout_rooms, uniq_jessica, uniq_natasha
D:4:      kennysheep_goblin_castle, layout_loops_cross, kennysheep_mini_moat,
          minmay_temple_entry_gardened_gates, serial_shops,
          nicolae_shop_statue_plus, serial_co_window_serial,
          co_window_of_opportunity_a, co_window_corner_a, co_window_paths_a,
          co_window_cross_1, co_window_corner_a, co_window_corner_a,
          co_window_corner_a, co_window_paths_a, co_window_of_opportunity_a,
          co_window_2corner, co_window_of_opportunity_b,
          co_window_of_opportunity_c, co_window_of_opportunity_b,
          co_window_unsneaky_path_d, co_window_sun, glass_columns_c,
          gup_sewer_entry_glass
D:5:      layout_basic, elyvilon_altar_3, lemuel_round_altar,
          nicolae_qazlal_general_emergency, minmay_manual_mares,
          uniq_blork_the_orc
D:6:      layout_basic, lemuel_round_altar, serial_shops, shop, shop,
          nicolae_take_the_stairs, shop_scrolls
D:7:      layout_cave_pools, amcnicky_altar_gilded,
          nicolae_ru_great_annihilating_truth, serial_column_ruins,
          column_ruins_columns_corner, column_ruins_open_tiny,
          column_ruins_open_tiny, column_ruins_grid_1, uniq_joseph, uniq_maggie,
          uniq_duvessa
Temple:   corrupted_temple

Skill      XL: |  1  2  3  4  5  6  7  8 |
---------------+-------------------------+-----
Spellcasting   | 5 6 7 9 10 | 10.5
Fighting       | 1 3 |  3.0
Armour         | 1 2 |  2.2
Conjurations   | 2 3 4 5 |  5.5
Dodging        | 3 |  3.0
Stealth        | 3 |  3.1
Poison Magic   | 1 |  1.0
Air Magic      | 1 |  1.0
Evocations     | 1 |  1.1
Summonings     | |  1.1
Translocations | |  1.1

Action                   |  1- 3 |  4- 6 |  7- 9 || total
-------------------------+-------+-------+-------++-------
Melee: Short sword       |     2 |     8 |       ||    10
       Dagger            |       |    23 |    69 ||    92
       Punch             |       |       |     1 ||     1
 Cast: Magic Dart        |   106 |   157 |    77 ||   340
       Call Imp          |     1 |       |     1 ||     2
       Mephitic Cloud    |       |     4 |    18 ||    22
       Blink             |       |     1 |     1 ||     2
       Shock             |       |       |    29 ||    29
  Use: Potion            |       |     1 |       ||     1
       Scroll            |       |       |     4 ||     4
 Stab: Confused          |       |     3 |     5 ||     8
       Sleeping          |       |     2 |       ||     2
Armor: Robe              |     5 |    23 |    21 ||    49
       Leather armour    |     1 |       |       ||     1
Dodge: Dodged            |    11 |    32 |    50 ||    93

Table legend: (Time is in decaauts)
 A = Elapsed time spent in this place.
 B = Non-inter-level travel time spent in this place.
 C = Inter-level travel time spent in this place.
 D = Time resting spent in this place.
 E = Time spent auto-exploring this place.
 F = Levels seen in this place.
 G = Mean time per level.
                   A        B        C        D        E       F      G
               +--------+--------+--------+--------+--------+-----+--------+
         Total |   5467 |   5143 |    324 |    329 |   3791 |   9 |  607.4 |
       Dungeon |   5187 |   4878 |    309 |    201 |   3719 |   7 |  741.0 |
        Temple |     46 |     31 |     15 |      0 |     19 |   1 |   46.0 |
         Sewer |    233 |    233 |      0 |    128 |     53 |   1 |  233.0 |
               +--------+--------+--------+--------+--------+-----+--------+

Top non-repeatable levels by time:
     D:4: 1600 daAuts
     D:5: 960 daAuts
     D:1: 803 daAuts
     D:2: 690 daAuts
     D:6: 612 daAuts
     D:3: 489 daAuts
   Sewer: 233 daAuts
  Temple: 46 daAuts
     D:7: 29 daAuts
